 Dungeon Crawl Stone Soup version 0.27-a0-1191-g601b473118 (webtiles) character file.

Game seed: 7671728445543171557

389 Zeld the Cleaver (level 6, -6/76 HPs)
             Began as a Minotaur Berserker on May 24, 2021.
             Was a Believer of Trog.
             Mangled by a kobold brigand
             ... wielding a +0 short sword
              (8 damage)
             ... in a sewer.
             The game lasted 00:03:55 (3566 turns).

Zeld the Cleaver (Minotaur Berserker)               Turns: 3566, Time: 00:03:56

Health: -6/76      AC:  2    Str: 23    XL:     6   Next: 49%
Magic:  5/5        EV: 12    Int:  4    God:    Trog [**....]
Gold:   145        SH:  0    Dex: 10    Spells: 5/5 levels left

rFire    . . .     SeeInvis .   a - +0 war axe
rCold    . . .     Faith    .   (no shield)
rNeg     . . .     Spirit   .   (no armour)
rPois    .         Reflect  .   (helmet restricted)
rElec    .         Harm     .   f - +1 cloak
rCorr    .         Rampage  .   (no gloves)
Will     .....                  (no boots)
Stlth    ..........             (no amulet)
HPRegen  0.22/turn              (no ring)
MPRegen  0.09/turn              (no ring)

@: berserking, slowed
A: horns 2, retaliatory headbutt
a: Renounce Religion, Berserk, Trog's Hand


You were in a sewer.
You worshipped Trog.
Trog was pleased with you.
You visited 1 branch of the dungeon, and saw 4 of its levels.
You also visited: Sewer.

You collected 145 gold pieces.

Inventory:

Hand Weapons
 a - a +0 war axe (weapon)
Armour
 f - a +1 cloak (worn)
Scrolls
 c - a scroll of noise {unknown}
 i - 2 scrolls of immolation {unknown}
 j - 2 scrolls of fog {unknown}
 l - a scroll of magic mapping {unknown}
 n - a scroll of blinking {unknown}
Potions
 b - a potion of curing {unknown}
 d - a potion of resistance {unknown}
 e - 4 potions of flight {unknown}
 g - 3 potions of heal wounds {unknown}
 h - a potion of haste {unknown}
 k - a potion of attraction {unknown}
 m - a potion of magic {unknown}


   Skills:
 - Level 3.6 Fighting
 * Level 8.9 Axes
 - Level 2.4 Armour
 - Level 2.1 Dodging


You had 5 spell levels left.
You didn't know any spells.
Your spell library was empty.

Dungeon Overview and Level Annotations

Branches:
Dungeon (4/15)              Sewer (1/1)
 Temple: D:4-7

Altars:

Annotations:
D:3 2 transporters


Innate Abilities, Weirdness & Mutations

You have a pair of horns on your head.
You reflexively headbutt those who attack you in melee.


Message History

The curare-tipped dart hits you.
You are poisoned.
You have difficulty breathing.
You feel yourself slow down.
You closely miss the kobold brigand.
You feel sick.
The kobold brigand hits you with a +0 short sword!
Press: ? - help, v - describe, . - travel, g - get item
Here: a kobold brigand, wielding a +0 short sword and quivering curare-tipped darts Item here: a +0 short sword.
The floor.
You barely miss the kobold brigand.
You feel sick. The kobold brigand barely misses you.
The kobold brigand hits you with a +0 short sword.
You closely miss the kobold brigand.
You feel sick.
The kobold brigand hits you but does no damage.
You barely miss the kobold brigand.
You feel sick.
You are no longer poisoned.
The kobold brigand misses you.
The kobold brigand hits you with a +0 short sword.
You are too injured to fight recklessly!
You are too injured to fight recklessly!
You are too injured to fight recklessly!
You slash the kobold brigand! You headbutt the kobold brigand!
The kobold brigand is severely wounded.
The kobold brigand hits you with a +0 short sword.
You closely miss the kobold brigand.
The kobold brigand is severely wounded.
The kobold brigand closely misses you. You furiously retaliate!
You headbutt the kobold brigand, but do no damage.
The kobold brigand hits you with a +0 short sword.
* * * LOW HITPOINT WARNING * * *
You hit the kobold brigand but do no damage.
The kobold brigand is severely wounded.
The kobold brigand hits you with a +0 short sword!
* * * LOW HITPOINT WARNING * * *
A red film seems to cover your vision as you go berserk!
You feel yourself moving faster!
You feel mighty!
The kobold brigand hits you with a +0 short sword.
* * * LOW HITPOINT WARNING * * *
The kobold brigand hits you with a +0 short sword!
You die...

##### ##.≈≈## ####
####≈...≈#####≈...#
≈≈≈≈...≈....@K?...#
###.....#####≈!≈##
##≈.≈## .## ##≈## #
#≈# #†# ##≈## #####
##...## ##.≈.## ≈
#####.....####..≈..#


You could see a kobold brigand.

Vanquished Creatures
  Sigmund (D:2)
  Crazy Yiuf (D:2)
  An iguana (D:4)
  7 adders
  4 gnolls (D:2)
  3 worms
  A dart slug (D:2)
  7 endoplasms
  2 giant cockroaches (D:1)
  7 hobgoblins
  2 jackals (D:1)
  2 quokkas (D:2)
  5 ball pythons
  5 bats
  2 frilled lizards
  5 goblins
  13 kobolds
  8 rats
76 creatures vanquished.

Notes
Turn   | Place    | Note
-------+----------+-------------------------------------------
     0 | D:1      | Zeld the Minotaur Berserker began the quest for the Orb.
     0 | D:1      | Reached XP level 1. HP: 19/19 MP: 0/0
   137 | D:1      | Reached skill level 4 in Axes
   143 | D:1      | Found a faded altar of an unknown god.
   155 | D:1      | Reached XP level 2. HP: 22/26 MP: 1/1
   380 | D:1      | You fall into a shaft and drop 1 floor!
   867 | D:2      | Found a runed translucent door.
   868 | D:2      | Noticed Crazy Yiuf
   917 | D:2      | Killed Crazy Yiuf
   918 | D:2      | Reached skill level 5 in Axes
   918 | D:2      | Reached XP level 3. HP: 28/31 MP: 2/2
  1253 | D:1      | Reached XP level 4. HP: 35/39 MP: 3/3
  1258 | D:1      | Reached skill level 6 in Axes
  1801 | D:2      | Reached ** piety under Trog
  2040 | D:2      | Noticed Sigmund
  2046 | D:2      | Killed Sigmund
  2047 | D:2      | Reached skill level 8 in Axes
  2047 | D:2      | Reached XP level 5. HP: 45/45 MP: 4/4
  2103 | D:2      | Reached XP level 6. HP: 30/51 MP: 5/5
  2573 | D:3      | Found a transporter.
  2652 | D:3      | Found a transporter.
  2677 | D:3      | You fall into a shaft and drop 1 floor!
  3098 | D:3      | Found a glowing drain.
  3107 | Sewer    | Entered a sewer
  3566 | Sewer    | HP: 2/76 [kobold brigand/+0 short sword (6)]
  3566 | Sewer    | Mangled by a kobold brigand

Illustrated notes

Levels and vault maps discovered:
D:1:      heliophobic_arrival_henge, layout_rooms,
          hellmonk_ecumenical_altar_heavens_door
D:2:      layout_loops_ring, uniq_crazy_yiuf_cottage, uniq_sigmund
D:3:      layout_loops_ring, portal_sewer_entry_a, gammafunk_ghost_arena,
          hangedman_decor_peaks_small, guppyfry_early_lair_pool
D:4:      layout_loops_ring, minmay_distorted
Sewer:    sewer_co_15_rooms

Skill      XL: |  1  2  3  4 |
---------------+-------------+-----
Axes           | 4 5 8 |  8.9
Fighting       | |  3.6
Armour         | |  2.4
Dodging        | |  2.1

Action                   |  1- 3 |  4- 6 || total
-------------------------+-------+-------++-------
Melee: War axe           |    51 |   112 ||   163
       Headbutt          |     2 |    13 ||    15
Invok: Berserk           |     2 |     5 ||     7
 Stab: Sleeping          |       |     1 ||     1
Armor: Skin              |     5 |    18 ||    23
Dodge: Dodged            |    41 |    75 ||   116

Table legend: (Time is in decaauts)
 A = Elapsed time spent in this place.
 B = Non-inter-level travel time spent in this place.
 C = Inter-level travel time spent in this place.
 D = Time resting spent in this place.
 E = Time spent auto-exploring this place.
 F = Levels seen in this place.
 G = Mean time per level.
                   A        B        C        D        E       F      G
               +--------+--------+--------+--------+--------+-----+--------+
         Total |   3700 |   3621 |     79 |   1140 |   1814 |   5 |  740.0 |
       Dungeon |   3182 |   3103 |     79 |   1055 |   1501 |   4 |  795.5 |
         Sewer |    517 |    517 |      0 |     85 |    313 |   1 |  517.0 |
               +--------+--------+--------+--------+--------+-----+--------+

Top non-repeatable levels by time:
     D:2: 1739 daAuts
     D:1: 889 daAuts
   Sewer: 517 daAuts
     D:4: 389 daAuts
     D:3: 164 daAuts
